 Dungeon Crawl Stone Soup version 0.29.1-12-g30fa7ad0bf (webtiles) character file.

Game seed: 3384701055665340769

600069 Peloso the Minotaur Barricade (level 26, -11/266 HPs)
             Began as a Minotaur Fighter on Dec 17, 2022.
             Was a High Priest of Okawaru.
             Killed from afar by a Hell Sentinel (27 damage)
             ... with damnation
             ... on level 10 of a ziggurat on Dec 18, 2022.
             The game lasted 04:33:48 (102784 turns).

Peloso the Minotaur Barricade (Minotaur Fighter)  Turns: 102784, Time: 04:33:49

Health: -11/266    AC: 41    Str: 52    XL:     26   Next: 46%
Magic:  1/24       EV: 13    Int:  5    God:    Okawaru [*****.]
Gold:   10168      SH: 26    Dex: 20    Spells: 25/25 levels left

rFire   + + +      SeeInvis +   a - +8 long sword of Departure {drain, Drain rPois Str+4}
rCold   + + +      Faith    .   e - +2 shield of Resistance {rF++ rC++ Will++}
rNeg    + . .      Spirit   .   J - +1 crystal plate armour "Nunad" {Will+ rCorr Str+2 Stlth+}
rPois   +          Reflect  +   i - +1 hat of Amelioration {Str+8 Dex-4 SInv}
rElec   +          Harm     .   E - +1 cloak {rCorr}
rCorr   +          Rampage  .   k - +2 pair of gloves {Dex+3}
Will    ++++.                   N - -1 pair of boots "Sutexa" {rElec rN+ Str+4 Dex+6}
Stlth   ..........              M - amulet of reflection
HPRegen 0.54/turn               D - +4 ring of slaying
MPRegen 0.19/turn               u - ring of Polloim {rF+ rC+ Str+6}

@: studying Spellcasting
A: horns 2, retaliatory headbutt, low MP 1
}: 3/15 runes: serpentine, barnacled, silver
a: Renounce Religion, Heroism, Finesse, Duel


You were on level 10 of a ziggurat.
You worshipped Okawaru.
Okawaru was extremely pleased with you.
You visited 10 branches of the dungeon, and saw 46 of its levels.
You visited the Abyss 2 times.
You visited 1 ziggurat, and saw 10 of its levels.
You also visited: Sewer, Ossuary, Gauntlet, Ice Cave, Volcano and Desolation.

You collected 12167 gold pieces.
You spent 1999 gold pieces at shops.

Inventory:

Hand Weapons
 a - the +8 long sword of Departure (weapon) {drain, Drain rPois Str+4}
   (You found it on level 15 of the Dungeon)

   A truly terrible weapon, it drains the life of any living foe it strikes.
   Str:       It affects your strength (+4).
   rPois:     It protects you from poison.
   Drain:     It drains your maximum health when unequipped.
 b - a +2 scimitar of flaming
 r - the +7 long sword of Samaty {vorpal, rElec Str-2 Int+4}
   (You found it on level 7 of a ziggurat)

   It inflicts extra damage upon your enemies.
   Str:       It affects your strength (-2).
   Int:       It affects your intelligence (+4).
   rElec:     It insulates you from electricity.
Armour
 c - the +3 hat "Wirhuil" {rElec rPois Dex-3}
   (Okawaru gifted it to you on level 2 of the Elven Halls)

   Dex:       It affects your dexterity (-3).
   rElec:     It insulates you from electricity.
   rPois:     It protects you from poison.
 e - the +2 shield of Resistance (worn) {rF++ rC++ Will++}
   (Okawaru gifted it to you on level 14 of the Dungeon)

   rF:        It greatly protects you from fire.
   rC:        It greatly protects you from cold.
   Will:      It greatly increases your willpower.
 i - the +1 hat of Amelioration (worn) {Str+8 Dex-4 SInv}
   (You acquired it on level 2 of a ziggurat)

   Str:       It affects your strength (+8).
   Dex:       It affects your dexterity (-4).
   SInv:      It lets you see invisible.
 k - a +2 pair of gloves of dexterity (worn)
 A - +0 gold dragon scales
 C - +0 swamp dragon scales
 E - a +1 cloak of preservation (worn)
 J - the +1 crystal plate armour "Nunad" (worn) {Will+ rCorr Str+2 Stlth+}
   (You took it off a minotaur in a Gauntlet)

   Str:       It affects your strength (+2).
   rCorr:     It protects you from acid and corrosion.
   Will:      It increases your willpower.
   Stlth:     It makes you more stealthy.
 N - the -1 pair of boots "Sutexa" (worn) {rElec rN+ Str+4 Dex+6}
   (Okawaru gifted it to you on level 4 of the Snake Pit)

   Str:       It affects your strength (+4).
   Dex:       It affects your dexterity (+6).
   rElec:     It insulates you from electricity.
   rN:        It protects you from negative energy.
 P - a +2 pair of boots of flying
 Z - the +4 chain mail of Omission {Rampage Regen+}
   (You found it on level 5 of the Lair of Beasts)

   Regen:     It increases your rate of health regeneration.
   Rampage:   It bestows one free step when moving towards enemies.
Jewellery
 j - the amulet of Axuzeol {Faith rCorr Dex+5 SInv}
   (You found it on level 4 of a ziggurat)

   [amulet of faith]

   It allows you to gain divine favour quickly.
   Dex:       It affects your dexterity (+5).
   SInv:      It lets you see invisible.
   rCorr:     It protects you from acid and corrosion.
 p - the ring of Jonu {rPois AC+4}
   (You found it on level 6 of a ziggurat)

   [ring of protection]

   AC:        It affects your AC (+4).
   rPois:     It protects you from poison.
 u - the ring of Polloim (right hand) {rF+ rC+ Str+6}
   (You found it in the Desolation of Salt)

   [ring of strength]

   Str:       It affects your strength (+6).
   rF:        It protects you from fire.
   rC:        It protects you from cold.
 v - the ring of Joy {Dex+6 SInv}
   (You found it on level 2 of the Orcish Mines)

   [ring of dexterity]

   Dex:       It affects your dexterity (+6).
   SInv:      It lets you see invisible.
 D - a +4 ring of slaying (left hand)
 G - the amulet of Piejabb {Fly Regen+ Int-5 Dex+6}
   (You found it on level 3 of the Crypt)

   [amulet of regeneration]

   Int:       It affects your intelligence (-5).
   Dex:       It affects your dexterity (+6).
   Fly:       It grants you flight.
   Regen:     It increases your rate of health regeneration.
 M - an amulet of reflection (around neck)
 R - the ring "Etodd" {rN+ Will+ Int+3}
   (You found it on level 2 of the Depths)

   [ring of positive energy]

   Int:       It affects your intelligence (+3).
   rN:        It protects you from negative energy.
   Will:      It increases your willpower.
Wands
 d - a wand of light (4)
 g - a wand of flame (29)
 m - a wand of polymorph (5)
 L - a wand of digging (21)
Scrolls
 f - 14 scrolls of teleportation
 l - 3 scrolls of enchant weapon
 o - 4 scrolls of noise
 t - 2 scrolls of magic mapping
 y - a scroll of blinking
 B - 5 scrolls of fear
 F - 6 scrolls of immolation
Potions
 h - a potion of flight
 n - 19 potions of curing
 q - 3 potions of mutation
 s - 15 potions of might
 w - a potion of heal wounds
 x - 4 potions of resistance
 z - 2 potions of berserk rage
 S - 7 potions of haste


   Skills:
 O Level 27 Fighting
 + Level 26.6 Long Blades
 + Level 19.4(19.5) Axes
 + Level 3.2(13.1) Maces & Flails
 + Level 0.4(12.7) Polearms
 O Level 27 Armour
 + Level 6.0 Dodging
 + Level 3.9 Stealth
 O Level 27 Shields
 + Level 6.6 Invocations
 + Level 0.6 Evocations


You had 25 spell levels left.
You didn't know any spells.
Your spell library contained the following spells:

 Spells                   Type           Power      Damage    Failure   Level
 Apportation              Tloc           0%         N/A       82%         1
 Foxfire                  Conj/Fire      0%         2x1d4     82%         1
 Freeze                   Ice            0%         1d3       82%         1
 Magic Dart               Conj           0%         1d3       82%         1
 Necrotise                Necr           0%         1d4       82%         1
 Sandblast                Erth           0%         2d4       82%         1
 Sting                    Tmut/Pois      0%         1d3       82%         1
 Ensorcelled Hibernation  Hex/Ice        0%         N/A       91%         2
 Passwall                 Tmut/Erth      0%         N/A       91%         2
 Scorch                   Fire           0%         2d5       91%         2
 Static Discharge         Conj/Air       0%         3-3/arc   91%         2
 Sublimation of Blood     Necr           0%         N/A       91%         2
 Confusing Touch          Hex            0%         N/A       99%         3
 Conjure Flame            Conj/Fire      0%         6-21      99%         3
 Dazzling Flash           Conj/Hex       0%         N/A       99%         3
 Frozen Ramparts          Ice            0%         1d1       99%         3
 Gell's Gravitas          Tloc           0%         N/A       99%         3
 Ignite Poison            Fire/Tmut/Pois 0%         N/A       99%         3
 Inner Flame              Hex/Fire       0%         N/A       99%         3
 Lesser Beckoning         Tloc           0%         N/A       99%         3
 Mephitic Cloud           Conj/Pois/Air  0%         N/A       99%         3
 Portal Projectile        Hex/Tloc       0%         N/A       99%         3
 Spider Form              Tmut/Pois      0%         N/A       99%         3
 Stone Arrow              Conj/Erth      0%         3d7       99%         3
 Swiftness                Air            0%         N/A       99%         3
 Teleport Other           Tloc           0%         N/A       99%         3
 Vampiric Draining        Necr           0%         2d6       99%         3
 Airstrike                Air            0%         2d(0-16)  100%        4
 Anguish                  Hex/Necr       0%         N/A       100%        4
 Cause Fear               Hex            0%         N/A       100%        4
 Dispel Undead            Necr           0%         3d6       100%        4
 Flame Wave               Conj/Fire      0%         2d4       100%        4
 Fulminant Prism          Conj/Hex       0%         3d6       100%        4
 Hailstorm                Conj/Ice       0%         3d3       100%        4
 Ice Form                 Ice/Tmut       0%         N/A       100%        4
 Iskenderun's Mystic Bla  Conj/Tloc      0%         2d3       100%        4
 Leda's Liquefaction      Hex/Erth       0%         N/A       100%        4
 Olgreb's Toxic Radiance  Pois           0%         N/A       100%        4
 Passage of Golubria      Tloc           0%         N/A       100%        4
 Petrify                  Tmut/Erth      0%         N/A       100%        4
 Sticky Flame             Conj/Fire      0%         2d3       100%        4
 Agony                    Necr           0%         N/A       100%        5
 Alistair's Intoxication  Tmut/Pois      0%         N/A       100%        5
 Borgnjor's Vile Clutch   Necr/Erth      0%         N/A       100%        5
 Fireball                 Conj/Fire      0%         3d3       100%        5
 Freezing Cloud           Conj/Ice/Air   0%         6-21      100%        5
 Irradiate                Conj/Tmut      0%         3d11      100%        5
 Lee's Rapid Deconstruct  Erth           0%         3d5*      100%        5
 Lightning Bolt           Conj/Air       0%         1d11      100%        5
 Manifold Assault         Tloc           0%         N/A       100%        5
 Metabolic Englaciation   Hex/Ice        0%         N/A       100%        5
 Silence                  Hex/Air        0%         N/A       100%        5
 Yara's Violent Unravell  Hex/Tmut       0%         3d3       100%        5
 Dispersal                Tloc           0%         N/A       100%        6
 Eringya's Noxious Bog    Tmut/Pois      0%         N/A       100%        6
 Starburst                Conj/Fire      0%         6d3       100%        6
 Statue Form              Tmut/Erth      0%         N/A       100%        6
 Dragon Form              Tmut           0%         N/A       100%        7
 Enfeeble                 Hex            0%         N/A       100%        7
 Ozocubu's Refrigeration  Ice            0%         4d7       100%        7
 Storm Form               Tmut/Air       0%         N/A       100%        7
 Borgnjor's Revivificati  Necr           0%         N/A       100%        8
 Discord                  Hex            0%         N/A       100%        8
 Disjunction              Tloc           0%         N/A       100%        8
 Ignition                 Fire           0%         3d3       100%        8
 Lehudib's Crystal Spear  Conj/Erth      0%         10d2      100%        8
 Maxwell's Capacitive Co  Air            0%         ∞         100%        8
 Necromutation            Tmut/Necr      0%         N/A       100%        8
 Death's Door             Necr           0%         N/A       100%        9
 Fire Storm               Conj/Fire      0%         5d1       100%        9
 Polar Vortex             Ice            0%         N/A       100%        9
 Call Imp                 Summ           Unusable   N/A       N/A         2
 Tukima's Dance           Hex            Unusable   N/A       N/A         3
 Animate Armour           Summ/Erth      Unusable   N/A       N/A         4
 Summon Ice Beast         Ice/Summ       Unusable   N/A       N/A         4
 Summon Lightning Spire   Summ/Air       Unusable   N/A       N/A         4
 Summon Forest            Summ/Tloc      Unusable   N/A       N/A         5
 Death Channel            Necr           Unusable   N/A       N/A         6
 Simulacrum               Ice/Necr       Unusable   N/A       N/A         6
 Summon Cactus Giant      Summ           Unusable   N/A       N/A         6
 Infestation              Necr           Unusable   N/A       N/A         8

Dungeon Overview and Level Annotations

Branches:
Dungeon (15/15)            Temple (1/1) D:7            Lair (5/5) D:10
 Shoals (4/4) Lair:3        Snake (4/4) Lair:3        Slime (0/5) Lair:4
    Orc (2/2) D:11            Elf (3/3) Orc:2        Vaults (5/5) D:13
  Crypt (3/3) Vaults:2       Tomb (0/3) Crypt:3      Depths (4/4) D:15
    Zot (0/5) Depths:4      Sewer (visited)         Ossuary (visited)
  IceCv (visited)         Volcano (visited)         Desolation (visited)
Gauntlet (visited)

Altars:
Ashenzari
Cheibriados
Dithmenos
Elyvilon
Fedhas
Gozag
Hepliaklqana
Kikubaaqudgha
Makhleb
Nemelex Xobeh
Okawaru
Qazlal
Ru
Sif Muna
Trog
Uskayaw
Vehumet
Wu Jian
Xom
Yredelemnul
Zin
The Shining One
Jiyva
Lugonu

Shops:
D:7 [   Orc:2 :*:=   Elf:2 :   Shoals:1 !:   Snake:1 =   Snake:3 :*
Vaults:1 [   Vaults:4 (   Depths:1 :*[   Depths:4 [

Portals:
Hell: Lair:5 Depths:1 Depths:2 Depths:3 Depths:4
Abyss: Snake:1 Depths:1 Depths:3
Pandemonium: Depths:2 Depths:3

Annotations:
D:14 Casa


Innate Abilities, Weirdness & Mutations

You have a pair of horns on your head.
You reflexively headbutt those who attack you in melee.
Your magical capacity is low. (-10% MP)


Message History

You block the war gargoyle's attack.
Unknown command.
You slash the iron giant! You drain the iron giant!
You headbutt the iron giant.
The iron giant is moderately wounded.
The caustic shrike claws you but does no damage.
The quicksilver elemental hits you but does no damage.
A Hell Sentinel comes into view.
The crystal echidna bites you but does no damage.
You block the iron giant's attack.
The caustic shrike claws you but does no damage.
The war gargoyle launches metal splinters at you.
The spray of metal splinters hits you but does no damage.
You slice the iron giant!! You drain the iron giant.
You headbutt the iron giant!!
The iron giant is severely wounded.
You block the caustic shrike's attack. You block the crystal echidna's attack.
An iron golem comes into view. x2
The war gargoyle closely misses you.
Unknown command.
You slash the iron giant! You drain the iron giant.
You headbutt the iron giant, but do no damage.
The iron giant is severely wounded.
You block the caustic shrike's attack.
You block the quicksilver elemental's attack.
The war gargoyle launches metal splinters at you.
The spray of metal splinters hits you but does no damage.
You block the crystal echidna's attack. The caustic shrike claws you!
* * * LOW HITPOINT WARNING * * *
You are splashed with acid.
You resist.
* * * LOW HITPOINT WARNING * * *
The iron giant casts a spell at you. The iron shot hits you!!!
* * * LOW HITPOINT WARNING * * *
Blink to where?
Press: ? - help, Dir - move target
As you read the scroll of blinking, it crumbles to dust.
The Hell Sentinel gestures at you.
The sphere of damnation explodes!
The damnation engulfs you!!
You die...

.. ... ...▓▓▓▓▓▓
.......@▓
............▓
......9......▓
b.............▓
}...............∩▓
|..............E.▓
!..............9C▓
..........91...rb▓
.................▓


You could see 2 iron golems, an iron giant (drained), a Hell Sentinel, a caustic
shrike, a quicksilver elemental, a crystal echidna and a war gargoyle.

Vanquished Creatures
  2 dread liches (Vaults:5)
  Mara (Depths:2)
  A pandemonium lord (Zig:4)
  A juggernaut (Zig:8)
  An ancient lich (Vaults:5)
  Boris (Vaults:4)
  Vv (Depths:1)
  A Killer Klown (Zig:3)
  Saint Roka (Depths:1)
  Vashnia (Snake:2)
  A curse toe (Crypt:3)
  5 caustic shrikes
  the Enchantress (Depths:1)
  Nikola (Depths:2)
  5 golden dragons
  5 bone dragons
  A profane servitor (Depths:1)
  3 doom hounds
  3 Tzitzimimeh
  2 tentacled monstrosities
  Jorgrun (Snake:3)
  3 liches
  A Hell Sentinel (Shoals:1)
  2 walking crystal tomes
  Mlioglotl (Shoals:3)
  A walking earthen tome (Depths:3)
  A shard shrike zombie (Crypt:3)
  Grunn (Crypt:3)
  Asterion (Elf:2)
  A walking divine tome (Depths:4)
  A walking frostbound tome (Depths:3)
  4 deep elf blademasters
  2 deep elf master archers (Elf:3)
  5 quicksilver dragons
  9 titans
  10 ancient champions
  8 sphinxes
  An acid blob (Zig:7)
  An Executioner (Abyss:3)
  3 tentacled starspawn
  Roxanne (Snake:4)
  6 tengu reavers
  A thorn hunter (Zig:9)
  5 shadow dragons
  Donald (Lair:3)
  2 revenants
  3 storm dragons
  A fenstrider witch (Zig:9)
  3 draconian monks (Depths:4)
  A draconian knight (Depths:4)
  9 fire giants
  A rockslime (Zig:7)
  An azure jelly (Zig:7)
  A nagaraja (Snake:4)
  An emperor scorpion (Zig:5)
  A quicksilver elemental (Zig:10)
  20 vault wardens
  3 iron dragons
  Aizul (Snake:1)
  4 deep elf sorcerers
  A ghost moth (Zig:5)
  6 orc warlords
  A balrug (Depths:1)
  An imperial myrmidon (Desolation)
  Louise (D:15)
  11 frost giants
  24 ironbound preservers
  2 ghouls (Crypt:2)
  5 deep elf elementalists
  A curse skull (Crypt:2)
  3 spriggan defenders (Depths:1)
  3 war gargoyles
  The ghost of duchin the Fighter, a journeyman DsGl of Dithmenos (Orc:2)
  4 reapers
  32 very ugly things
  A juggernaut skeleton (Crypt:2)
  6 ironbound thunderhulks
  9 stone giants
  7 vampire knights
  7 green draconians (Depths:4)
  3 putrid mouths
  2 purple draconians (Depths:4)
  3 entropy weavers
  8 dire elephants
  A minotaur (Gauntlet)
  Nessos (D:15)
  6 red draconians
  The ghost of Ruicvywi the Grappler, a journeyman OgTm of Okawaru (Lair:3)
  11 black draconians (Depths:4)
  6 white draconians (Depths:4)
  2 bunyips (Zig:9)
  10 deep elf demonologists
  6 deep elf annihilators
  2 halazid warlocks (Desolation)
  6 spark wasps
  3 eidola
  15 ettins
  A green death (Zig:9)
  The ghost of ripuliukko the Earth Mage, a journeyman GrEE of Vehumet (D:13)
  5 fire dragons
  3 merfolk javelineers
  6 deep elf death magi
  A mummy priest (Crypt:3)
  9 ragged hierophants (Desolation)
  5 deep elf high priests
  2 great orbs of eyes
  3 crystal guardians (Desolation)
  20 yaktaur captains
  A spectral kraken (Shoals:3)
  A blizzard demon (Gauntlet)
  8 merfolk impalers
  2 pearl dragon zombies (Depths:1)
  5 jiangshi (Crypt:3)
  9 boulder beetles
  Harold (D:9)
  A rakshasa (Depths:3)
  10 servants of whispers
  16 hydras
  Fannar (D:10)
  15 ice dragons
  3 salamander tyrants (Snake:4)
  33 vault guards
  A fenstrider witch skeleton (Crypt:2)
  2 catoblepae (D:13)
  12 ironbound frosthearts
  13 centaur warriors
  7 peacekeepers
  19 two-headed ogres
  2 ghost crabs (Shoals:3)
  14 anacondas
  A jorogumo (shapeshifter) (D:13)
  4 ogre magi
  18 satyrs
  5 merfolk avatars
  4 death knights
  2 merfolk aquamancers
  2 alligator snapping turtles
  10 naga warriors
  7 spriggan air magi
  34 dancing weapons
  4 deep troll shamans
  12 death yaks (Lair:5)
  An alligator (Zig:9)
  5 tengu warriors
  4 deep troll earth magi
  11 naga sharpshooters
  5 thrashing horrors
  3 hell hogs (Depths:1)
  7 spriggan berserkers
  4 vampire magi
  An emperor scorpion zombie (Crypt:2)
  13 soul eaters
  4 sun demons
  Sonja (Lair:4)
  A fire crab (shapeshifter) (Vaults:4)
  12 shock serpents
  A storm dragon zombie (Crypt:2)
  5 hell knights
  15 deep elf knights
  38 skeletal warriors
  An iron troll (Depths:2)
  7 salamander mystics
  A wretched star (Abyss:2)
  10 sea snakes
  A bunyip zombie (Crypt:3)
  3 shadow wraiths (Crypt:2)
  A sixfirhy (Abyss:2)
  A goliath frog (shapeshifter) (Vaults:3)
  64 deep trolls
  A swamp dragon (Zig:9)
  An orb spider (Zig:5)
  A spark wasp zombie (Depths:1)
  A death drake (Depths:4)
  A quicksilver dragon simulacrum (Crypt:2)
  A spriggan druid (Zig:9)
  A steelbarb worm (Zig:5)
  4 orange crystal statues
  3 wizards
  4 flayed ghosts
  The ghost of GeoRichter the Destroyer, a novice DsFE of Vehumet (D:7)
  A glowing orange brain (Depths:2)
  8 naga ritualists
  3 bog bodies (Crypt:2)
  An obsidian statue (Zig:5)
  A spriggan simulacrum (Crypt:3)
  17 lindwurms
  23 ironbound convokers
  27 deep elf zephyrmancers
  A golden dragon skeleton (Vaults:2)
  19 mana vipers
  Pikel (D:9)
  15 deep elf archers
  34 deep elf pyromancers
  11 phantasmal warriors
  5 necromancers
  A broodmother zombie (Crypt:2)
  6 orc sorcerers
  A wolf spider (Zig:5)
  A stone giant zombie (Abyss:2)
  32 ugly things
  34 harpies
  A shadow dragon skeleton (Vaults:2)
  3 orc knights
  20 fauns
  A fire giant zombie (Depths:1)
  A shining eye (Zig:7)
  48 slime creatures
  A sphinx skeleton (Vaults:2)
  15 salamanders
  A will-o-the-wisp (Zig:9)
  20 manticores
  9 cyclopes
  An eleionoma skeleton (Crypt:3)
  27 black mambas
  An eye of devastation (Gauntlet)
  A spectral alligator snapping turtle (Shoals:3)
  8 human skeletons (Vaults:2)
  4 apis skeletons (Depths:1)
  A rust devil (D:14)
  2 moths of wrath
  10 merfolk sirens
  A centaur zombie (Crypt:1)
  13 elephants
  3 ice statues
  4 water nymphs
  14 guardian serpents
  9 naga magi
  2 gargoyles
  A jorogumo skeleton (Crypt:3)
  24 vault sentinels
  A molten gargoyle (Volcano)
  A hellion (Zig:4)
  A torpor snail (Zig:5)
  A storm dragon simulacrum (Abyss:2)
  11 smoke demons
  2 orange demons
  An efreet (D:13)
  7 rime drakes
  A demonic crawler (Zig:5)
  A spectral sea snake (Shoals:3)
  A purple draconian zombie (Crypt:1)
  6 freezing wraiths
  13 cane toads
  A swamp worm zombie (Crypt:3)
  4 kobold demonologists
  2 unseen horrors (D:12)
  4 tengu conjurers
  7 ice devils
  4 komodo dragons
  3 spectral merfolk (Shoals:3)
  9 hellwings
  2 ancient zymes
  A bunyip simulacrum (Crypt:3)
  38 yaktaurs
  A purple draconian skeleton (Crypt:2)
  2 tormentors
  A mana viper zombie (Crypt:1)
  4 red devils
  8 guardian mummies
  16 trolls
  A polar bear (Lair:5)
  A meliai (D:13)
  A polar bear (shapeshifter) (Depths:3)
  A green draconian skeleton (Crypt:1)
  6 hornets
  58 saltlings
  A jumping spider zombie (Crypt:1)
  38 merfolk
  A death drake skeleton (Crypt:2)
  A wolf spider simulacrum (Gauntlet)
  A tyrant leech (Zig:9)
  10 wind drakes
  A spectral manticore (Shoals:3)
  An ettin zombie (Crypt:3)
  A fire giant simulacrum (Depths:1)
  10 dream sheep
  2 dream sheep (shapeshifter)
  7 snapping turtles
  23 blink frogs
  A radroach zombie (Crypt:3)
  An air elemental (Elf:3)
  6 flying skulls (Crypt:1)
  A jumping spider (shapeshifter) (D:15)
  8 small abominations
  6 wyverns
  7 spriggans
  A human (shapeshifter) (Vaults:5)
  2 centaur simulacra
  22 shadows
  2 fire bats (Volcano)
  2 vampires (Crypt:3)
  6 wraiths
  4 fire elementals
  17 water elementals
  A ynoxinul (Depths:3)
  55 yaks
  2 golden eyes
  9 basilisks
  A steam dragon (D:6)
  5 vampire mosquitoes
  3 chaos spawn (D:14)
  7 neqoxecs
  8 large abominations
  A fire bat zombie (Crypt:1)
  2 acid dragons
  2 elf skeletons (Vaults:2)
  4 wargs
  4 hell hounds (Lair:5)
  A harpy simulacrum (Crypt:1)
  21 water moccasins
  35 nagas
  A spectral snapping turtle (Shoals:3)
  A naga zombie (Crypt:2)
  A floating eye (Gauntlet)
  A hydra simulacrum (Gauntlet)
  Duvessa (D:7)
  A black bear (D:4)
  2 ice beasts (D:7)
  A two-headed ogre skeleton (Crypt:1)
  A water nymph skeleton (Crypt:3)
  A meliai simulacrum (Gauntlet)
  19 orc warriors
  An ettin simulacrum (Crypt:1)
  33 ogres
  8 wolves
  A golden eye zombie (Crypt:3)
  A lemure (D:9)
  A swamp dragon skeleton (Crypt:1)
  6 centaurs
  2 phantoms
  9 kobold brigands
  9 bullfrogs
  2 necrophages
  An earth elemental (Zig:2)
  A gnoll sergeant (Orc:1)
  15 scorpions
  7 wights
  Dowan (D:7)
  A water moccasin skeleton (Crypt:2)
  3 killer bees (D:10)
  3 lindwurm simulacra (IceCv)
  2 spriggan skeletons
  6 electric eels
  3 howler monkeys
  5 crimson imps
  7 lava snakes (Volcano)
  4 quasits
  A komodo dragon simulacrum (IceCv)
  A jelly (shapeshifter) (Vaults:4)
  4 jellies
  3 hounds
  A human zombie (Ossuary)
  12 orc priests
  A centaur skeleton (Crypt:3)
  2 gnoll boudas
  Jessica (D:3)
  16 orc wizards
  3 scorpion zombies (Ossuary)
  A naga skeleton (Crypt:3)
  5 mummies
  12 adders
  19 gnolls
  7 acid dragon simulacra (IceCv)
  5 river rats (Sewer)
  A swamp drake skeleton (Crypt:3)
  A shadow imp (Abyss:2)
  5 white imps
  10 steam dragon simulacra (IceCv)
  An ufetubus (D:6)
  2 worms
  2 dart slugs
  58 orcs
  16 ball pythons
  9 endoplasms
  3 giant cockroaches
  3 gnoll zombies (Ossuary)
  5 goblins
  5 hobgoblins
  4 jackals (D:5)
  41 kobolds
  4 quokkas
  6 bats
  A frilled lizard (D:1)
  A goblin zombie (Ossuary)
  A hobgoblin skeleton (Crypt:3)
  3 hobgoblin zombies
  A kobold zombie (Ossuary)
  An orc zombie (D:8)
  A quokka zombie (Crypt:2)
  28 rats
  A bush (Lair:2)
  A lurking horror (Snake:1)
  A starspawn tentacle (Abyss:3)
  A tentacle (Shoals:3)
2474 creatures vanquished.

Vanquished Creatures (others)
  A fire giant (Depths:4)
  A very ugly thing (Depths:3)
  A blizzard demon (Zig:4)
  A deep elf knight (Elf:3)
  A salamander mystic (Snake:4)
  A deep troll (Vaults:5)
  A death drake (Depths:4)
  A deep elf pyromancer (Elf:2)
  A demonic plant (D:14)
  2 fire vortices (Zig:4)
  13 foxfires (Zig:9)
  37 fungi
  A lurking horror (Abyss:3)
  150 plants
  10 starspawn tentacles
  3 tentacles (Shoals:3)
  8 withered plants
233 creatures vanquished.

Grand Total: 2707 creatures vanquished

Notes
Turn   | Place    | Note
-------+----------+-------------------------------------------
     0 | D:1      | Peloso the Minotaur Fighter began the quest for the Orb.
     0 | D:1      | Reached XP level 1. HP: 19/19 MP: 0/0
   286 | D:1      | Reached XP level 2. HP: 27/27 MP: 1/1
   387 | D:1      | You fall into a shaft and drop 1 floor!
   803 | D:1      | Reached XP level 3. HP: 32/33 MP: 2/2
  1117 | D:1      | Found a faded altar of an unknown god.
  1852 | D:3      | Got the Spellbook of Mortification
  2013 | D:3      | Identified the +9 war axe "Ysats" {freeze, *Rage rElec
                  | Dex+8}
  2114 | D:3      | Reached XP level 4. HP: 40/40 MP: 3/3
  2193 | D:3      | Identified the +1 ring mail of the Pirate {rC- Str+2 Dex+2
                  | Stlth+}
  2283 | D:3      | Noticed Jessica
  2288 | D:3      | Killed Jessica
  2407 | D:4      | Found a glowing drain.
  2421 | Sewer    | Entered a sewer
  2503 | Sewer    | Noticed a kobold brigand
  2511 | Sewer    | Killed a kobold brigand
  2512 | Sewer    | Reached skill level 1 in Axes
  2512 | Sewer    | Reached skill level 5 in Armour
  2512 | Sewer    | Reached XP level 5. HP: 42/46 MP: 4/4
  2706 | Sewer    | Reached XP level 6. HP: 38/53 MP: 5/5
  2707 | Sewer    | Reached skill level 1 in Dodging
  3220 | D:4      | Reached XP level 7. HP: 59/60 MP: 6/6
  3273 | D:4      | Reached skill level 5 in Axes
  3320 | D:4      | Reached skill level 5 in Fighting
  3353 | D:4      | Found a sparkling altar of Nemelex Xobeh.
  3476 | D:5      | Entered Level 5 of the Dungeon
  3500 | D:5      | Reached skill level 1 in Stealth
  3719 | D:5      | Reached XP level 8. HP: 69/69 MP: 7/7
  3751 | D:5      | Found a sacrificial altar of Ru.
  3936 | D:5      | Reached skill level 5 in Shields
  5006 | D:7      | Found a transporter.
  5051 | D:7      | Noticed a two-headed ogre
  5057 | D:7      | Killed a two-headed ogre
  5058 | D:7      | Reached skill level 10 in Axes
  5058 | D:7      | Reached XP level 9. HP: 29/79 MP: 8/8
  5290 | D:7      | Found a shimmering altar of Xom.
  5290 | D:7      | Found a shimmering blue altar of Sif Muna.
  5290 | D:7      | Found a blossoming altar of Fedhas.
  5332 | D:7      | Found a white marble altar of Elyvilon.
  5336 | D:7      | Noticed Duvessa
  5337 | D:7      | Noticed Dowan
  5344 | D:7      | Killed Duvessa
  5345 | D:7      | Killed Dowan
  5474 | D:7      | Found Soujiq's Armour Boutique.
  5602 | D:7      | Noticed GeoRichter's ghost (novice DsFE)
  5609 | D:7      | Noticed a moth of wrath
  5631 | D:7      | Found a transporter.
  5661 | D:7      | Found a staircase to the Ecumenical Temple.
  5991 | Temple   | Entered the Ecumenical Temple
  6000 | Temple   | Became a worshipper of Warmaster Okawaru
  6119 | D:8      | Found a sand-covered staircase.
  6129 | Ossuary  | Entered an ossuary
  6231 | Ossuary  | Reached * piety under Okawaru
  6717 | D:8      | Reached XP level 10. HP: 88/88 MP: 9/9
  7423 | D:9      | Found a radiant altar of Vehumet.
  7436 | D:9      | Noticed a two-headed ogre
  7442 | D:9      | Killed a two-headed ogre
  7442 | D:9      | Reached ** piety under Okawaru
  7446 | D:9      | Noticed a five-headed hydra
  7657 | D:9      | Noticed Harold
  7661 | D:9      | Killed Harold
  7661 | D:9      | Reached *** piety under Okawaru
  7764 | D:9      | Noticed Pikel
  7772 | D:9      | Paralysed by Pikel for 2 turns
  7777 | D:9      | Killed Pikel
  7786 | D:9      | Noticed a rust devil
  7899 | D:9      | Killed a five-headed hydra
  7899 | D:9      | Reached **** piety under Okawaru
  7959 | D:9      | Reached skill level 1 in Maces & Flails
  8078 | D:9      | Reached XP level 11. HP: 97/97 MP: 10/10
  8417 | D:10     | Entered Level 10 of the Dungeon
  8429 | D:10     | Noticed a two-headed ogre
  8441 | D:10     | Killed a two-headed ogre
  8441 | D:10     | Reached ***** piety under Okawaru
  8450 | D:10     | Identified the +2 pair of boots of the Kettle-Drum {Int+4
                  | Dex+5} (Okawaru gifted it to you on level 10 of the
                  | Dungeon)
  8450 | D:10     | Received a gift from Okawaru
  8623 | D:10     | Found a staircase to the Lair.
  8637 | D:10     | Reached skill level 10 in Armour
  8734 | D:10     | Reached skill level 10 in Fighting
  9116 | D:10     | Noticed Fannar
  9128 | D:10     | Killed Fannar
  9523 | D:11     | Found a staircase to the Orcish Mines.
  9676 | D:11     | Reached skill level 5 in Dodging
  9698 | D:11     | Noticed a boulder beetle
  9712 | D:11     | Killed a boulder beetle
  9865 | D:11     | Noticed a two-headed ogre
  9872 | D:11     | Killed a two-headed ogre
  9873 | D:11     | Reached skill level 15 in Axes
  9928 | D:11     | Noticed a two-headed ogre
  9933 | D:11     | Killed a two-headed ogre
  9933 | D:11     | Identified the +2 scimitar "Uxotrati" {freeze, Will+}
                  | (Okawaru gifted it to you on level 11 of the Dungeon)
  9933 | D:11     | Received a gift from Okawaru
  9934 | D:11     | Reached XP level 12. HP: 108/108 MP: 11/11
 10730 | D:7      | Killed GeoRichter's ghost
 10734 | D:7      | Identified the ring "Coolib" {rN+ Dex+6}
 10832 | Lair:1   | Entered Level 1 of the Lair of Beasts
 10845 | Lair:1   | Identified the +1 pair of boots of a Billion Teeth {rN+}
                  | (Okawaru gifted it to you on level 1 of the Lair of Beasts)
 10845 | Lair:1   | Received a gift from Okawaru
 10967 | Lair:1   | Reached skill level 5 in Long Blades
 11863 | Lair:2   | Found the +18 shield of the Gong {rElec rN+ Will+ EV-5}
 11895 | Lair:2   | Noticed a five-headed hydra
 11914 | Lair:2   | Killed a five-headed hydra
 11949 | Lair:2   | Noticed a four-headed hydra
 11958 | Lair:2   | Killed an 11-headed hydra
 12217 | Lair:2   | Reached XP level 13. HP: 118/118 MP: 12/12
 12858 | Lair:3   | Received a gift from Okawaru
 12883 | Lair:3   | Reached ****** piety under Okawaru
 12884 | Lair:3   | Reached skill level 10 in Shields
 12958 | Lair:3   | Identified the -2 buckler of Tender Moments {Rampage}
                  | (Okawaru gifted it to you on level 3 of the Lair of Beasts)
 12958 | Lair:3   | Received a gift from Okawaru
 12989 | Lair:3   | Found a gate leading to a gauntlet.
 13001 | Gauntlet | Entered a Gauntlet
 13001 | Gauntlet | Found a transporter.
 13001 | Gauntlet | Found a transporter.
 13257 | Gauntlet | Found a transporter.
 13260 | Gauntlet | Found a transporter.
 13260 | Gauntlet | Found a transporter.
 13260 | Gauntlet | Found a transporter.
 13269 | Gauntlet | Noticed a blizzard demon
 13274 | Gauntlet | Found a transporter.
 13278 | Gauntlet | Found a transporter.
 13294 | Gauntlet | Found a transporter.
 13396 | Gauntlet | Found a transporter.
 13400 | Gauntlet | Found a transporter.
 13414 | Gauntlet | Found a transporter.
 13425 | Gauntlet | Noticed a blizzard demon
 13746 | Gauntlet | Identified the +1 cloak of Lust {Rampage +Inv}
 13776 | Gauntlet | Killed a blizzard demon
 13790 | Gauntlet | Identified the +2 robe "Tasuodur" {Fly Str+10 Slay-5
                  | Stlth+}
 14241 | Gauntlet | Identified the +1 crystal plate armour "Nunad" {Will+ rCorr
                  | Str+2 Stlth+}
 14241 | Gauntlet | Noticed a minotaur
 14248 | Gauntlet | Killed a minotaur
 14383 | Lair:3   | Reached skill level 1 in Invocations
 14404 | Lair:3   | Found a runed translucent gate.
 14404 | Lair:3   | Found a runed translucent gate.
 14405 | Lair:3   | Found a runed translucent gate.
 14407 | Lair:3   | Noticed Ruicvywi's ghost (journeyman OgTm)
 14482 | Lair:3   | Found a staircase to the Snake Pit.
 14639 | Lair:3   | Found a staircase to the Shoals.
 15123 | Lair:3   | Killed Ruicvywi's ghost
 15146 | Lair:3   | Identified a scroll of acquirement
 15198 | Lair:4   | Noticed Sonja
 15210 | Lair:4   | Killed Sonja
 15279 | Lair:4   | Found a frozen archway.
 15296 | IceCv    | Entered an ice cave
 15305 | IceCv    | Acquired 607 gold pieces
 15438 | IceCv    | Identified the ring "Yfroink" {Ice rElec Str-2 Stlth+}
 15604 | IceCv    | Identified the +1 pair of boots "Kofest" {rC+ rN+ rCorr}
 15659 | Lair:4   | Found a staircase to the Slime Pits.
 15659 | Lair:4   | Found a viscous altar of Jiyva.
 15663 | Lair:4   | Received a gift from Okawaru
 15704 | Lair:4   | Reached XP level 14. HP: 118/129 MP: 14/14
 15757 | Lair:4   | Found a dark tunnel.
 15766 | Volcano  | Entered a volcano
 16123 | Volcano  | Found a bloodstained altar of Trog.
 17200 | Lair:5   | Entered Level 5 of the Lair of Beasts
 17595 | Lair:5   | Received a gift from Okawaru
 17695 | Lair:5   | Received a gift from Okawaru
 18030 | Lair:5   | Found a burning altar of Makhleb.
 18036 | Lair:5   | Found a gateway to Hell.
 18043 | Lair:5   | Identified the +4 chain mail of Omission {Rampage Regen+}
 19016 | D:12     | Reached XP level 15. HP: 138/139 MP: 15/15
 19264 | D:12     | Reached skill level 15 in Shields
 19374 | D:12     | Found a shadowy altar of Dithmenos.
 19985 | D:13     | Received a gift from Okawaru
 20176 | D:13     | Reached skill level 15 in Fighting
 20414 | D:13     | Found a gate to the Vaults.
 20674 | D:13     | Found a runed translucent gate.
 20674 | D:13     | Found a runed translucent gate.
 20674 | D:13     | Found a runed translucent gate.
 20675 | D:13     | Noticed ripuliukko's ghost (journeyman GrEE)
 20703 | D:13     | Killed ripuliukko's ghost
 20794 | D:13     | Found a shimmering altar of Xom.
 21368 | D:14     | Found a large runed translucent door.
 21368 | D:14     | Found a large runed translucent door.
 21369 | D:14     | Identified the +10 shortbow of Ybuvoysh {freeze, Will++
                  | Int+2}
 21370 | D:14     | Found a shimmering altar of Xom.
 21393 | D:14     | Received a gift from Okawaru
 21393 | D:14     | Found the +2 shield of Resistance {rF++ rC++ Will++}
 22669 | D:15     | Entered Level 15 of the Dungeon
 22732 | D:15     | Reached skill level 15 in Armour
 22744 | D:15     | Noticed Louise
 22760 | D:15     | Noticed Nessos
 22768 | D:15     | Killed Nessos
 22772 | D:15     | Killed Louise
 22773 | D:15     | Reached XP level 16. HP: 120/149 MP: 16/16
 22942 | D:15     | Found a staircase to the Depths.
 22996 | D:15     | Identified the +8 long sword of Departure {drain, Drain
                  | rPois Str+4}
 23738 | Orc:1    | Entered Level 1 of the Orcish Mines
 24230 | Orc:2    | Entered Level 2 of the Orcish Mines
 24355 | Orc:2    | Found a staircase to the Elven Halls.
 24370 | Orc:2    | Found a transporter.
 24375 | Orc:2    | Noticed duchin's ghost (journeyman DsGl)
 24490 | Orc:2    | Found a transporter.
 24676 | Orc:2    | Received a gift from Okawaru
 24918 | Orc:2    | Found Dyipp's General Store.
 24918 | Orc:2    | Found Hihevamn's Book Boutique.
 24919 | Orc:2    | Found Mugiah's Book Shoppe.
 24930 | Orc:2    | Found Tesouh's Jewellery Shop.
 24938 | Orc:2    | Bought an amulet of regeneration for 450 gold pieces
 25580 | Orc:2    | Received a gift from Okawaru
 25586 | Orc:2    | Killed duchin's ghost
 25591 | Orc:2    | Identified the ring of Joy {Dex+6 SInv}
 25635 | Elf:1    | Entered Level 1 of the Elven Halls
 26301 | Elf:1    | Noticed a Hell Sentinel
 26608 | Elf:1    | Identified the +6 plate armour of Hiuda {rN+ rCorr Int-4}
                  | (Okawaru gifted it to you on level 1 of the Elven Halls)
 26608 | Elf:1    | Received a gift from Okawaru
 27134 | Elf:1    | Identified the +6 dagger of Peace {vamp, Dex+2}
 27739 | Elf:1    | Identified the +6 plate armour of the Hairy Shrike {rC+
                  | Int+2 Slay-2}
 28480 | Elf:2    | Reached XP level 17. HP: 131/160 MP: 18/18
 28853 | Elf:2    | Found Quffuusm's Book Emporium.
 28860 | Elf:2    | Noticed Asterion
 28872 | Elf:2    | Killed Asterion
 29359 | Elf:2    | Identified the +1 ring mail "Seapuruf" {rF+ rCorr Dex+5}
 29834 | Elf:2    | Found a runed translucent gate.
 29837 | Elf:2    | Found a runed translucent gate.
 29837 | Elf:2    | Found a runed translucent gate.
 30794 | Elf:3    | Entered Level 3 of the Elven Halls
 30873 | Elf:3    | Reached skill level 10 in Long Blades
 31286 | Elf:2    | Received a gift from Okawaru
 31301 | Elf:3    | Noticed a deep elf master archer
 31310 | Elf:3    | Killed a deep elf master archer
 31311 | Elf:3    | Paralysed by an air elemental for 1 turns
 31314 | Elf:3    | Paralysed by an air elemental for 1 turns
 31320 | Elf:3    | Paralysed by an air elemental for 1 turns
 32182 | Elf:3    | Noticed a deep elf blademaster
 32201 | Elf:2    | Killed a deep elf blademaster
 32334 | Elf:3    | Noticed a deep elf master archer
 32354 | Elf:3    | Killed a deep elf master archer
 32370 | Elf:2    | Received a gift from Okawaru
 32482 | Elf:3    | Identified the ring of Xunuip {Wiz Dex+8}
 32521 | Elf:2    | Noticed an Ice Fiend
 32808 | Elf:3    | Noticed a Hell Sentinel
 32919 | Elf:3    | Noticed a deep elf blademaster
 32965 | Elf:2    | Killed a deep elf blademaster
 33212 | Elf:3    | Noticed a Brimstone Fiend
 33261 | Elf:3    | Identified the +9 flail of Infinity {venom, Dex+2}
 33608 | Elf:3    | Identified the +3 chain mail of the Hanged Man {Harm rElec
                  | rPois}
 33610 | Elf:3    | Identified the +1 rapier of Earthquakes {drain, Int+5
                  | Dex+6}
 34280 | Elf:3    | Identified the +2 shortbow of Kaegh {freeze, Int+4}
 34303 | Elf:3    | Identified the +1 ring mail of Minor Irritation {Str-5
                  | Int-3 Dex+9 SInv}
 35023 | Shoals:1 | Entered Level 1 of the Shoals
 35049 | Shoals:1 | Reached XP level 18. HP: 160/170 MP: 19/19
 35138 | Shoals:1 | Found Kaenuyji's Vocational Training.
 35211 | Shoals:1 | Found Nicot Daga's Distillery.
 35226 | Shoals:1 | Identified the +8 broad axe of Agnosticism {pain, Fly Will-
                  | rCorr MP+9} (Okawaru gifted it to you on level 1 of the
                  | Shoals)
 35226 | Shoals:1 | Received a gift from Okawaru
 35239 | Shoals:1 | HP: 8/170 [drowned by a water elemental[a merfolk
                  | aquamancer] (7)]
 35412 | Shoals:1 | Bought a potion of might for 72 gold pieces
 35412 | Shoals:1 | Bought a potion of might for 72 gold pieces
 36313 | Snake:1  | Entered Level 1 of the Snake Pit
 36355 | Snake:1  | Noticed Donald
 36736 | Lair:3   | Killed Donald
 37149 | Snake:1  | Found Kenian's One-of-a-Kind Rings.
 37229 | Snake:1  | Noticed Aizul
 37244 | Snake:1  | Killed Aizul
 37244 | Snake:1  | Identified the +3 war axe "Cubyvon" {vorpal, Str+4}
                  | (Okawaru gifted it to you on level 1 of the Snake Pit)
 37244 | Snake:1  | Received a gift from Okawaru
 37317 | Snake:1  | Found a corrupted altar of Lugonu.
 37317 | Snake:1  | Found a one-way gate to the infinite horrors of the Abyss.
 38550 | Snake:2  | Noticed Vashnia
 38883 | Snake:2  | Killed Vashnia
 38883 | Snake:2  | Received a gift from Okawaru
 38883 | Snake:2  | Found the +3 pair of seven-league boots {Rampage+∞}
 39875 | Snake:3  | Found Zompezxe's Book Emporium.
 39879 | Snake:3  | Found Oniuxul's Assorted Antiques.
 39887 | Snake:3  | Bought a runed cloak for 270 gold pieces
 40268 | Snake:3  | Identified the +2 ring mail of Hinuat {rPois}
 40760 | Snake:3  | Noticed Jorgrun
 40777 | Snake:3  | Killed Jorgrun
 41960 | Snake:4  | Entered Level 4 of the Snake Pit
 43287 | Snake:4  | Noticed Roxanne
 43346 | Snake:4  | Killed Roxanne
 43540 | Snake:4  | Identified the -1 pair of boots "Sutexa" {rElec rN+ Str+4
                  | Dex+6} (Okawaru gifted it to you on level 4 of the Snake
                  | Pit)
 43540 | Snake:4  | Received a gift from Okawaru
 43680 | Snake:4  | Reached XP level 19. HP: 78/180 MP: 20/20
 45032 | Snake:4  | Got a serpentine rune of Zot
 45955 | Abyss:2  | Cast into level 2 of the Abyss (merfolk impaler)
 46139 | Abyss:2  | Noticed a bone dragon
 46162 | Abyss:2  | Killed a bone dragon
 46294 | Shoals:1 | Escaped the Abyss
 46317 | Shoals:1 | Identified the +1 tower shield of Sandy Joy {*Corrode Int+5
                  | Dex+4} (Okawaru gifted it to you on level 1 of the Shoals)
 46317 | Shoals:1 | Received a gift from Okawaru
 47166 | Shoals:2 | Reached skill level 15 in Long Blades
 48314 | Shoals:3 | Noticed Mlioglotl
 48318 | Shoals:3 | Gained mutation: Your magical capacity is low. (-10% MP) [a
                  | neqoxec]
 48342 | Shoals:3 | Killed Mlioglotl
 48886 | Abyss:3  | Cast into level 3 of the Abyss (merfolk)
 48969 | Abyss:3  | Reached XP level 20. HP: 70/175 MP: 17/19
 49033 | Shoals:3 | Escaped the Abyss
 50751 | Shoals:4 | Entered Level 4 of the Shoals
 51086 | Shoals:4 | Identified the +1 crystal plate armour of Ustrualesh
                  | {Str+3} (Okawaru gifted it to you on level 4 of the Shoals)
 51086 | Shoals:4 | Received a gift from Okawaru
 51614 | Shoals:4 | Got the Octavo of Indemnity
 52157 | Shoals:4 | Got a barnacled rune of Zot
 53658 | Vaults:1 | Entered Level 1 of the Vaults
 54907 | Vaults:1 | Found Hawiraec's Antique Armour Shoppe.
 55398 | Vaults:1 | Identified the +6 tower shield of Magic {+Inv rC+ Will+
                  | SInv Stlth-}
 55554 | Vaults:1 | Received a gift from Okawaru
 55991 | Vaults:2 | Found a crumbling gateway.
 56044 | Vaults:2 | Reached XP level 21. HP: 75/200 MP: 18/20
 56305 | Desolati | Entered the Desolation of Salt
 57345 | Desolati | Identified the +3 flail "Xoumolosm" {drain, rElec Str+2
                  | Int+4}
 57437 | Desolati | Identified the ring of Polloim {rF+ rC+ Str+6}
 57442 | Desolati | Identified the +1 chain mail of Xuoppaf {Harm rElec rPois
                  | Stlth+}
 57584 | Desolati | Identified the +9 morningstar "Jeduobb" {protect, rCorr
                  | Dex+6 Stlth-}
 57792 | Desolati | Received a gift from Okawaru
 58020 | Desolati | Identified the ring "Kyut" {rN+ EV+4 Int+7}
 58023 | Desolati | Identified the +4 hand axe of Dithmenos, Holding {flame,
                  | Int+6 SInv}
 58028 | Desolati | Identified the ring of Weicic {rPois rC+ Int+6 Dex+6}
 58663 | Desolati | Identified the +0 ring mail of Cecrop {Rampage rF- Str+8
                  | Dex+4}
 58667 | Desolati | Identified the +8 lajatang of Pehetuz {drain, rN+ Int+2}
 59433 | Vaults:2 | Reached skill level 27 in Shields
 59649 | Vaults:2 | Received a gift from Okawaru
 60094 | Vaults:2 | Received a gift from Okawaru
 60161 | Vaults:2 | Found a staircase to the Crypt.
 60581 | Vaults:2 | HP: 10/204 [deep troll[an ironbound preserver] (11)]
 60581 | Vaults:2 | HP: 4/204 [ironbound thunderhulk/bolt of lightning (6)]
 60594 | Vaults:2 | Identified the +0 pair of gloves "Qerchule" {Int+3}
                  | (Okawaru gifted it to you on level 2 of the Vaults)
 60594 | Vaults:2 | Received a gift from Okawaru
 61565 | Vaults:2 | HP: 4/204 [ironbound frostheart/creeping frost (16)]
 63401 | Vaults:3 | Reached XP level 22. HP: 161/213 MP: 21/21
 63766 | Vaults:3 | Found a transporter.
 63771 | Vaults:3 | Identified the ring "Gypavieceo" {Fly rN+}
 63784 | Vaults:3 | Found a transporter.
 64369 | Vaults:3 | Identified the +4 short sword of Trauma {vamp, Int+4}
 64374 | Vaults:3 | Acquired the ring of Ridoeng {rF++ Dex+6}
 64965 | Vaults:4 | Identified the +0 robe of Spite {+Blink Str-4 Stlth+
                  | Archmagi} (Okawaru gifted it to you on level 4 of the
                  | Vaults)
 64965 | Vaults:4 | Received a gift from Okawaru
 65136 | Vaults:4 | Found Amoips's Weapon Emporium.
 65474 | Vaults:4 | Acquired the ring of Rationality {*Slow rPois Str+6 Int+7
                  | Dex+2}
 67020 | Vaults:4 | Noticed Boris
 67038 | Vaults:4 | Killed Boris
 67223 | Vaults:5 | Entered Level 5 of the Vaults
 67586 | Vaults:5 | Received a gift from Okawaru
 70113 | Vaults:5 | Identified the ring "Ymismueg" {rF+ AC+4}
 70119 | Vaults:4 | Reached XP level 23. HP: 218/219 MP: 20/22
 70376 | Vaults:5 | Paralysed by a floating eye for 2 turns
 71072 | Vaults:5 | Received a gift from Okawaru
 71181 | Vaults:5 | Noticed a dread lich
 71201 | Vaults:5 | Killed a dread lich
 71619 | Vaults:5 | Noticed a dread lich
 71642 | Vaults:5 | Killed a dread lich
 72272 | Vaults:5 | Noticed an ancient lich
 72279 | Vaults:5 | Killed an ancient lich
 73110 | Vaults:5 | Got a silver rune of Zot
 73589 | Vaults:5 | Acquired the +2 pair of gloves of Death Resistance {rElec
                  | rC+}
 73594 | Vaults:5 | Acquired 755 gold pieces
 73598 | Vaults:5 | Acquired 1116 gold pieces
 73606 | Vaults:5 | Acquired 1180 gold pieces
 74133 | Depths:1 | Entered Level 1 of the Depths
 74133 | Depths:1 | Found Bircholl's Assorted Antiques.
 74136 | Depths:1 | Bought a potion of heal wounds for 230 gold pieces
 74136 | Depths:1 | Bought a scroll of teleportation for 138 gold pieces
 74200 | Depths:1 | Found Wezaimad's Antique Armour Shoppe.
 74203 | Depths:1 | Bought a pair of fading boots for 275 gold pieces
 74203 | Depths:1 | Identified the +1 pair of boots of Poor Excuses {rPois rC-
                  | Str+4 Stlth+} (You bought it in a shop on level 1 of the
                  | Depths)
 74203 | Depths:1 | Bought an amethyst-encrusted chain mail for 275 gold pieces
 74203 | Depths:1 | Identified the +1 chain mail "Berimys" {Slay+5 Stlth+} (You
                  | bought it in a shop on level 1 of the Depths)
 74203 | Depths:1 | Bought a glowing cloak for 217 gold pieces
 74395 | Depths:1 | Noticed the Enchantress
 74429 | Depths:1 | Killed the Enchantress
 74907 | Depths:1 | Found Valog's Book Boutique.
 75361 | Depths:1 | Identified the +5 long sword "Raeri" {vorpal, rF- Dex+4}
 75368 | Depths:1 | Identified the +8 demon blade of the Hidden Xenophobes
                  | {drain, Contam Int+3 Dex+6}
 75393 | Depths:1 | Identified the +10 plate armour of Perfidy {rElec Int+4}
                  | (Okawaru gifted it to you on level 1 of the Depths)
 75393 | Depths:1 | Received a gift from Okawaru
 75603 | Depths:1 | Reached skill level 5 in Invocations
 75751 | Depths:1 | Noticed Saint Roka
 75772 | Depths:1 | Killed Saint Roka
 76131 | Depths:1 | Found a basalt altar of Yredelemnul.
 76419 | Depths:2 | Found a runed translucent door.
 76420 | Depths:2 | Found a runed translucent door.
 76426 | Depths:2 | Found a runed translucent door.
 76429 | Depths:2 | Found a runed translucent door.
 76457 | Depths:2 | Identified the ring of Wuap {rPois rN+ rCorr Str-3 Int+6}
 76459 | Depths:2 | Identified the ring of the Shining One's Hope {rCorr AC+4}
 76507 | Depths:2 | Got Deomn's Compendium of Macabre Accompaniment
 76516 | Depths:2 | Got the Volume of Solid Changing
 76533 | Depths:2 | Identified the +1 sling "Hoheul" {flame, *Corrode rF- Str+5
                  | Int+8}
 76720 | Depths:2 | Identified the ring "Etodd" {rN+ Will+ Int+3}
 76789 | Depths:2 | Found a one-way gate leading to the halls of Pandemonium.
 76799 | Depths:2 | Noticed Vv
 77283 | Depths:1 | Killed Vv
 77644 | Depths:2 | Found a one-way gateway to a ziggurat.
 77644 | Depths:2 | Noticed Mara
 77660 | Depths:2 | Noticed Peloso's illusion
 77667 | Depths:2 | Killed Mara
 77668 | Depths:2 | Reached XP level 24. HP: 170/240 MP: 23/23
 77908 | Depths:2 | Noticed Nikola
 77921 | Depths:2 | Killed Nikola
 79022 | Depths:3 | Received a gift from Okawaru
 80112 | Depths:3 | Got the Spellbook of the Immovable Ships
 80614 | Depths:3 | Identified the +5 scale mail of Shadows and Fog {Rampage
                  | Dex+2}
 80625 | Depths:3 | Identified the +5 rapier of the Forest {spect, Will+ Int+2}
 80673 | Depths:3 | Identified the +0 scale mail "Wiffeoma" {Str-5 Int+5 Dex+2}
                  | (Okawaru gifted it to you on level 3 of the Depths)
 80673 | Depths:3 | Received a gift from Okawaru
 81263 | Depths:4 | Entered Level 4 of the Depths
 81277 | Depths:4 | Found Jefanuuk's Armour Shoppe.
 81456 | Depths:4 | Found a bloodstained altar of Trog.
 83526 | Depths:4 | Identified the +7 hand axe "Ekic" {spect, rPois}
 83609 | Depths:4 | Reached XP level 25. HP: 191/255 MP: 23/23
 83640 | Depths:4 | Identified the +2 crystal plate armour "Fots" {Harm rPois
                  | rF- Dex+3} (Okawaru gifted it to you on level 4 of the
                  | Depths)
 83640 | Depths:4 | Received a gift from Okawaru
 83929 | Depths:4 | Found a gate to the Realm of Zot.
 84303 | Depths:4 | Got the Lessons on Shifting and the Oath
 85117 | Crypt:1  | Entered Level 1 of the Crypt
 85676 | Crypt:1  | Reached skill level 27 in Fighting
 87794 | Crypt:3  | Entered Level 3 of the Crypt
 87870 | Crypt:3  | Noticed Grunn
 89260 | Crypt:1  | HP: 11/241 [poisoned by a putrid mouth (dark miasma)]
 92507 | Crypt:3  | Killed Grunn
 95662 | Crypt:3  | Identified the +2 robe of Carved Surprise {Str+4 Int+3}
 95763 | Crypt:3  | Identified the ring "Puon" {rN+ Will+ Str+4 Int-5}
 95790 | Crypt:3  | Received a gift from Okawaru
 96367 | Crypt:3  | Found a staircase to the Tomb.
 96538 | Crypt:3  | Identified the +9 sling of the Manifold Loafs {vorpal,
                  | rPois rC- rN+ Str+4}
 96538 | Crypt:3  | Identified the ring "Oveirh Onik" {rN+ rCorr Int+5 SInv
                  | Stlth-}
 96539 | Crypt:3  | Found a basalt altar of Yredelemnul.
 97049 | Crypt:3  | Identified the amulet of Piejabb {Fly Regen+ Int-5 Dex+6}
 97062 | Crypt:3  | Found an ancient bone altar of Kikubaaqudgha.
 97098 | Crypt:3  | Found the +6 Majin-Bo {vamp, MP+6 Int+6}
 97947 | Elf:2    | Reached XP level 26. HP: 176/266 MP: 23/23
 98281 | Elf:2    | Identified the +3 hat "Wirhuil" {rElec rPois Dex-3}
                  | (Okawaru gifted it to you on level 2 of the Elven Halls)
 98281 | Elf:2    | Received a gift from Okawaru
 99177 | Zig:1    | Entered Level 1 of a ziggurat
 99596 | Zig:2    | Entered Level 2 of a ziggurat
 99644 | Zig:2    | Acquired 544 gold pieces
 99652 | Zig:2    | Acquired the +1 hat of Amelioration {Str+8 Dex-4 SInv}
 99783 | Zig:3    | Entered Level 3 of a ziggurat
 99842 | Zig:4    | Entered Level 4 of a ziggurat
 99849 | Zig:4    | Noticed Hueny the pandemonium lord
 99887 | Zig:4    | Killed Hueny the pandemonium lord
 99893 | Zig:4    | Identified the amulet of Axuzeol {Faith rCorr Dex+5 SInv}
100308 | Zig:5    | Entered Level 5 of a ziggurat
101254 | Zig:6    | Entered Level 6 of a ziggurat
101277 | Zig:6    | Reached skill level 27 in Armour
101309 | Zig:6    | Identified the ring of Jonu {rPois AC+4}
101446 | Zig:7    | Entered Level 7 of a ziggurat
101503 | Zig:7    | Identified the +7 long sword of Samaty {vorpal, rElec Str-2
                  | Int+4}
101546 | Zig:8    | Entered Level 8 of a ziggurat
101557 | Zig:8    | Noticed a juggernaut
101576 | Zig:8    | Killed a juggernaut
102135 | Zig:9    | Entered Level 9 of a ziggurat
102739 | Zig:10   | Entered Level 10 of a ziggurat
102784 | Zig:10   | Killed from afar by a Hell Sentinel

Illustrated notes

Levels and vault maps discovered:
D:1:      saegor_arrival_simple_c, layout_loops_ring,
          dreamdust_ecumenical_altar_angels_and_demons,
          chequers_serial_rivers_micro_c
D:2:      layout_basic, minivault_26, nrook_loot_triangle
D:3:      layout_loops_ring, uniq_jessica
D:4:      layout_gridville, nemelex_spade_bored_becter,
          cheibrodos_sewer_entry_sluice
D:5:      layout_rooms, nicolae_ru_sacrificial_ziggurat
D:6:      layout_basic, minivault_22
D:7:      layout_cave_pods, gammafunk_temple_overflow_claw, elyvilon_altar_1,
          minmay_temple_entry_junction, serial_shops, nicolae_diamond_shop,
          gammafunk_ghost_berserking_beasts, uniq_duvessa
D:8:      layout_loops_ring, nicolae_ossuary_entry_giza, kennysheep_nub,
          nicolae_concentric_dashed_squares_mild
D:9:      layout_small_grid, nicolae_vehumet_altar_sigil, uniq_harold,
          uniq_pikel
D:10:     layout_cross, minmay_lair_entry_grove, uniq_fannar
D:11:     layout_gridville, david_orc_3, grunt_ogre_cave
D:12:     layout_basic, serial_bayou, serial_bayou_shore_b,
          serial_bayou_crossing, serial_bayou_lagoon_a, serial_bayou_pond_a,
          grunt_dithmenos_shadows
D:13:     layout_small_grid, skrybe_vaults_entry_preservation,
          ebering_ghost_rock_garden, led_xom_imps
D:14:     due_chaos_kobolds, layout_long_grid, minmay_misc_feat_plants,
          serial_demonic, serial_demonic_d, serial_demonic_c, serial_demonic_c,
          serial_demonic_a, abandoned_shop
D:15:     grunt_enter_depths_hoard, layout_loops_ring, minmay_misc_feat_tiny,
          eino_tiny_chamber, uniq_nessos, uniq_louise
Temple:   nicolae_temple_no_exploring_needed
Lair:1:   layout_chaotic_city
Lair:2:   layout_roguey
Lair:3:   layout_regular_city, elwin_shoals_entry_stream,
          minmay_snake_entry_guardpost_medium, ebering_ghost_rock_garden,
          gauntlet_entry_generic
Lair:4:   layout_roguey, nicolae_slime_entry_slimehenge,
          nicolae_volcano_entry_vermiform, portal_ice_cave_demonic_guard,
          minmay_holes, uniq_sonja
Lair:5:   evil_forest, layout_long_grid, grunt_megastairs_3
Shoals:1: layout_shoals, serial_shops, nicolae_lakefront_shop,
          nicolae_shop_vocational
Shoals:2: layout_shoals
Shoals:3: layout_shoals, nicolae_shoals_spectral_cove, uniq_mlioglotl
Shoals:4: shoals_end_hellmonk_lost_city
Snake:1:  layout_layer_cave, serial_bayou_pond_e, nicolae_shop_unique_rings,
          serial_bayou_ford_a, drop_trap, amcnicky_altar_lugonu_corruption,
          uniq_aizul, uniq_donald
Snake:2:  layout_rooms, st_stairs_4, drop_trap, uniq_vashnia
Snake:3:  layout_layer_cave, nrook_guardian_serpent_double, minmay_shop_star,
          uniq_jorgrun
Snake:4:  snake_pit_salamanders_mu, layout_basic, uniq_roxanne
Orc:1:    layout_caves
Orc:2:    st_orc_open, layout_diamond_mine, gammafunk_ghost_stat_death
Elf:1:    eino_elf_arrival_shootout, layout_onion_city, hangedman_elf_represent,
          columned_hall_lemuel
Elf:2:    nicolae_elf_blades_crystal_corner, layout_geoelf_diagonals,
          serial_shops, nicolae_shop_behind_doors, st_stairs_6, minivault_15,
          grunt_ministairs_13, minivault_23, uniq_asterion
Elf:3:    grunt_elf_hall_diamonds, layout_loops_cross
Vaults:1: nicolae_vaults_network_quincunx
          [nicolae_vaults_network_quincunx_subvault,
          nicolae_vaults_network_quincunx_subvault,
          nicolae_vaults_network_quincunx_subvault,
          nicolae_vaults_network_quincunx_subvault,
          nicolae_vaults_network_quincunx_subvault], nicolae_vaults_triangles,
          vaults_dpeg_encased_lava, hangedman_vaults_trim,
          ontoclasm_vaults_tryst, nicolae_vaults_little_squares_1,
          vaults_room_grunt_arrival_ludios, hangedman_vaults_capsules,
          v_pattern_2, hellmonk_guarded_unrand_gong, vaults_mumra_lcd,
          v_misc_22, layout_vaults_omnibox, serial_shops, shop
Vaults:2: portal_desolation_entry_salt, nicolae_vaults_arrows,
          ontoclasm_vaults_shuriken, minmay_crypt_entry_skeletal_spiral,
          nicolae_vaults_windows_and_doors_thing, vaults_mumra_hexcomb,
          v_rooms_3, hangedman_vaults_maws, vaults_room_stairs_pillars,
          vaults_room_fours, vaults_dpeg_ring, layout_vaults_quadrants
Vaults:3: vaults_dpeg_diagonal, gammafunk_the_bubble
          [the_bubble_gammafunk_plus_minus], grunt_vaults_twisty,
          vaults_room_large_hall, nicolae_vaults_network_s,
          ontoclasm_vaults_loading_screen, layout_vaults_chaotic_city
Vaults:4: nicolae_vaults_quartermaster, nicolae_vaults_network_quinsquares
          [nicolae_vaults_network_quincunx_subvault,
          nicolae_vaults_network_quincunx_subvault,
          nicolae_vaults_network_quincunx_subvault,
          nicolae_vaults_network_quincunx_subvault], v_misc_12,
          nicolae_vaults_little_squares_6, dpeg_vaults_monster_row,
          nicolae_vaults_what_the_h, grunt_vaults_hallway_long,
          nicolae_vaults_little_squares_3, layout_vaults_omnicross,
          serial_shops, shop_fountains, uniq_boris
Vaults:5
Crypt:1:  minmay_shadows, layout_regular_city, chequers_big_river
Crypt:2:  layout_basic
Crypt:3:  lightli_unholy_cathedral, layout_chaotic_city,
          tomb_entry_sphere_bobbens, nicolae_crypt_soggy_tomb, uniq_grunn
Depths:1: layout_basic, hellmouth_2, serial_shops, nicolae_shop_behind_doors,
          shop, nicolae_shop_advertising_works [nicolae_subvault_shop_adworks],
          abyss_entry_crystal, hangedman_blasphemy, uniq_enchantress,
          uniq_saint_roka
Depths:2: impenetrable_vault, layout_long_grid, enter_ziggurat_a, hell_entry,
          pan_entry, infiniplex_staircase_hallway_doors, uniq_mara, uniq_vv,
          uniq_nikola
Depths:3: minmay_the_grid_4x2 [minmay_the_grid_rooms, minmay_the_grid_embedded,
          minmay_the_grid_outer_circle, minmay_the_grid_square_x,
          minmay_the_grid_dragon_b, minmay_the_grid_airy,
          minmay_the_grid_odd_star, minmay_the_grid_prize_trominoes],
          layout_basic, abyss_entry_glasseish, hangedman_abyss_or_decor_stabs,
          hell_entry, rand_demon_pan_entry_5
Depths:4: lemuel_castle_with_subvaults [lemuel_castle_interior_original],
          layout_honeycomb, serial_shops, nicolae_shop_behind_doors,
          pf_coc_iceberg, trog_three_pillars_becter
Zig:10

Skill      XL: |  1  2  3  4  5  6  7  8  9 10 11 12 13 14 15 16 17 18 19 20 21 22 23 24 25 26 |
---------------+-------------------------------------------------------------------------------+-----
Shields        | 4 5 6 7 9 12 14 17 19 20 22 24 26 27 | 27.0
Armour         | 4 5 7 8 9 11 12 13 14 15 16 17 18 19 20 22 23 24 26 27 | 27.0
Fighting       | 4 5 7 9 10 12 13 14 15 16 17 18 19 21 23 24 26 27 | 27.0
Long Blades    | 3 4 6 7 8 11 14 15 16 17 19 20 22 25 26 | 26.6
Axes           | 1 3 4 7 10 11 13 15 16 17 18 19 | 19.4
Dodging        | 1 2 3 5 6 |  6.0
Stealth        | 1 2 3 |  3.9
Maces & Flails | 1 2 3 |  3.2
Invocations    | 2 3 4 5 6 |  6.6
Polearms       | |  0.4
Evocations     | |  0.6

Action                   |  1- 3 |  4- 6 |  7- 9 | 10-12 | 13-15 | 16-18 | 19-21 | 22-24 | 25-27 || total
-------------------------+-------+-------+-------+-------+-------+-------+-------+-------+-------++-------
Melee: Long sword        |    77 |       |       |       |       |  1610 |  2463 |  2301 |  1526 ||  7977
       Headbutt          |    13 |     3 |    25 |    71 |   231 |   437 |   859 |   866 |   652 ||  3157
       War axe           |     1 |    67 |   150 |   274 |   799 |   193 |       |       |       ||  1484
       Whip              |       |       |       |    27 |    14 |       |       |       |       ||    41
       Scimitar          |       |       |       |    79 |    26 |       |       |       |       ||   105
       Demon trident     |       |       |       |       |     4 |       |       |       |       ||     4
Invok: Heroism           |       |       |       |     3 |    18 |    30 |    19 |    30 |    26 ||   126
Evoke: Wand              |       |       |       |       |     5 |     1 |     2 |       |       ||     8
  Use: Scroll            |     4 |     1 |    13 |     5 |    12 |     3 |     7 |    19 |    19 ||    83
       Potion            |       |       |       |       |     2 |     7 |    15 |     2 |     8 ||    34
 Stab: Sleeping          |       |     1 |       |       |       |       |       |       |       ||     1
       Invisible         |       |       |       |       |       |     8 |       |       |       ||     8
       Distracted        |       |       |       |       |       |       |     1 |     1 |       ||     2
Armor: Scale mail        |    50 |    42 |     1 |       |       |       |       |       |       ||    93
       Chain mail        |       |       |    82 |   239 |    56 |       |    38 |       |       ||   415
       Crystal plate arm |       |       |       |       |   299 |   787 |  1280 |   987 |   923 ||  4276
Dodge: Dodged            |    39 |    39 |    46 |   189 |    73 |   333 |   781 |   774 |   631 ||  2905
Block: Buckler           |    16 |    27 |    46 |   117 |       |       |       |       |       ||   206
       Kite shield       |       |       |       |   106 |  1123 |  2111 |  2994 |  2892 |  2077 || 11303
       Reflection        |       |       |       |       |     7 |   193 |   119 |   104 |    36 ||   459
